 Dungeon Sprint DCSS version 0.31.0-9-g3a7656b989 (webtiles) character file.

Game seed: 7069003227381075012

3 Groucho the Scratcher (level 1, -2/10 HPs)
             Began as a Felid Shapeshifter on Jan 31, 2024.
             Killed by nerve-wracking pain
             ... invoked by Jessica
              (12 damage)
             ... in the Dungeon (Sprint III: "The Ten Rune Challenge").
             The game lasted 00:00:18 (22 turns).

Groucho the Scratcher (Felid Shapeshifter)            Turns: 22, Time: 00:00:18

Health: -2/10      AC:  1    Str: 10    XL:     1   Next: 41%
Magic:  2/2        EV: 17    Int: 13    God:
Gold:   0          SH:  0    Dex: 15    Spells: 0/0 levels left
                                        Lives:  0   Deaths: 1

rFire   . .          .
                       - Unarmed
rCold   . . .        (shield unavailable)
rNeg    . . .        (body armour unavailable)
rPois   .            (helmet unavailable)
rElec   .            (cloak unavailable)
rCorr   .            (gloves unavailable)
SInv    +            (boots unavailable)
Will    .....        (no amulet)
Stlth   ++           (no ring)
HPRegen 0.21/turn    (no ring)
MPRegen 0.08/turn

%: no teleportation
@: beast-form
A: beast (slay +1), very small, claws 1, fangs 3, see invisible, shaggy fur 1,
stealthy paws, no weapons or thrown items, no armour, multi-lived
a: Begin Untransformation


You were in the Dungeon.
You were a hulking beast.
You visited 1 branch

Inventory:

Talismans
 b - a beast talisman
 c - a flux talisman
Scrolls
 i - a scroll of blinking
Potions
 a - a potion of lignification
 d - a potion of curing
 e - a potion of heal wounds
 f - a potion of haste
 g - 2 potions of magic
 h - a potion of berserk rage


   Skills:
 + Level 1.5 Fighting
 + Level 3.2 Dodging
 + Level 1.6 Stealth
 + Level 3.2 Unarmed Combat
 + Level 2.9 Shapeshifting


You couldn't memorise any spells.
You didn't know any spells.
Your spell library was empty.

Dungeon Overview and Level Annotations

Branches:
Dungeon (1/1)

Altars:

Annotations:
D Jessica


Innate Abilities, Weirdness & Mutations

You are a hulking beast.
Your limbs bulge with bestial killing power. (Slay +1)
You have sharp claws.
You have razor-sharp teeth.
You have supernaturally acute eyesight. (SInv)
You are covered in fur. (AC +1)
Your paws help you pounce on unaware monsters.
You are incapable of wielding weapons or throwing items.
You cannot wear armour.
You gain extra lives every three experience levels.


Message History

You scratch the endoplasm but do no damage.
The endoplasm is almost dead.
The endoplasm barely misses you.
You scratch the endoplasm.
You kill the endoplasm!
Your Dodging skill increases to level 3!
Your Stealth skill increases to level 1!
You scratch the endoplasm but do no damage.
You bite the endoplasm.
The endoplasm is almost dead.
The endoplasm completely misses you.
You scratch the endoplasm.
You kill the endoplasm!
No target in view!
No target in view!
There is an open door here.
You open the door.
A rat and Jessica come into view.
Jessica is wielding a +0 club and wearing a +1 robe of fire resistance.
Found a glowing red potion.
There is an open door here.
Jessica shouts!
The rat squeaks loudly.
Jessica misses you.
You barely miss Jessica. Jessica closely misses you.
You scratch Jessica but do no damage. Jessica misses you. The rat misses you.
You scratch Jessica.
Jessica is heavily wounded.
Jessica gestures at you while chanting. Pain shoots through your body!
Ouch! That really hurt!
You die...
Your shape twists and changes as you die.
The rat closely misses you.
You rejoin the land of the living...
You claw the rat!
You kill the rat!
Jessica casts a spell at you. Pain shoots through your body!
Ouch! That really hurt!
You die...

▓▓▓▓
▓<.#
▓..#
▓#'####
▓.....#
▓.....#
▓...h[#
▓####@#
▓!...†#
▓...@.#
▓.....#
▓+#####


You could see Jessica.

Vanquished Creatures
  2 endoplasms (D)
  A rat (D)
3 creatures vanquished.

Notes
Turn   | Place    | Note
-------+----------+-------------------------------------------
     0 | D        | Groucho the Felid Shapeshifter began the quest for the Orb.
     0 | D        | Reached XP level 1. HP: 10/10 MP: 2/2
     7 | D        | Reached skill level 1 in Stealth
    14 | D        | Noticed Jessica
    18 | D        | Killed from afar by Jessica
    18 | D        | Lost a life (0 lives remaining)
    22 | D        | Killed from afar by Jessica

Illustrated notes

Levels and vault maps discovered:
D:        dungeon_sprint_mu [sprint_mu_entry_forest, sprint_mu_temple_rooms,
          sprint_mu_d1_spiders, sprint_mu_d2_genie, sprint_mu_d3_branching,
          sprint_mu_orc_legion, sprint_mu_elf_gauntlet, sprint_mu_hive_nellie,
          sprint_mu_lair_fedhas, sprint_mu_vaults_butterflies,
          sprint_mu_slime_circle, sprint_mu_swamp_cave, sprint_mu_shoals_kraken,
          sprint_mu_blade_basic, sprint_mu_crypt_lich, sprint_mu_tomb_spiral,
          sprint_mu_vestibule_basic, sprint_mu_gehenna_hellfire,
          sprint_mu_dis_giant, sprint_mu_tartarus_statrot,
          sprint_mu_cocytus_islands, sprint_mu_zot1]

Skill      XL: |  1 |
---------------+----+-----
Dodging        | 3 |  3.2
Stealth        | 1 |  1.6
Fighting       | |  1.5
Unarmed Combat | |  3.2
Shapeshifting  | |  2.9

Action                     || total
---------------------------++-------
  Melee: Unarmed           ||    10
         Bite              ||     1
  Dodge: Dodged            ||     8
